 Seeded DCSS version 0.27.1-2-g3b301248ec (webtiles) character file.

Game seed: 15660015337861564047 (custom seed)

225 babuloseo the Slasher (level 6, -5/48 HPs)
             Began as a Human Fighter on Sept 24, 2021.
             Was a Follower of Okawaru.
             Slain by a two-headed ogre (11 damage)
             ... on level 4 of the Dungeon.
             The game lasted 00:03:00 (3383 turns).

babuloseo the Slasher (Human Fighter)               Turns: 3383, Time: 00:03:00

Health: -5/48      AC:  4    Str: 23    XL:     6   Next: 21%
Magic:  6/6        EV:  9    Int:  9    God:    Okawaru [*.....]
Gold:   128        SH: 10    Dex: 16    Spells: 5/5 levels left

rFire    + . .     SeeInvis .   e - +0 long sword (elec)
rCold    . . .     Faith    .   c - +0 kite shield
rNeg     . . .     Spirit   .   q - +2 robe of Dogma {Fly Str+5 Dex+4}
rPois    .         Reflect  .   (no helmet)
rElec    .         Harm     .   (no cloak)
rCorr    .         Rampage  .   (no gloves)
Will     .....                  (no boots)
Stlth    +.........             (no amulet)
HPRegen  0.16/turn              j - ring of protection from fire
MPRegen  0.10/turn              (no ring)

@: flying
A: no striking features
a: Renounce Religion, Heroism


You were on level 4 of the Dungeon.
You worshipped Okawaru.
Okawaru was aware of your devotion.
You visited 1 branch of the dungeon, and saw 4 of its levels.

You collected 128 gold pieces.

Inventory:

Hand Weapons
 a - a +0 long sword
 e - a +0 long sword of electrocution (weapon)
Missiles
 m - a throwing net (quivered)
Armour
 b - a +0 scale mail
 c - a +0 kite shield (worn)
 q - the +2 robe of Dogma (worn) {Fly Str+5 Dex+4}
   (You found it on level 4 of the Dungeon)

   Str:       It affects your strength (+5).
   Dex:       It affects your dexterity (+4).
   Fly:       It grants you flight.
Jewellery
 j - a ring of protection from fire (left hand)
Scrolls
 g - a scroll of immolation {unknown}
 h - a scroll of noise {unknown}
 i - 3 scrolls of identify {unknown}
 k - 2 scrolls of amnesia {unknown}
 p - 2 scrolls of blinking {unknown}
 r - a scroll of magic mapping {unknown}
Potions
 d - a potion of might
 f - 2 potions of degeneration {unknown}
 l - a potion of curing {unknown}
 n - a potion of lignification {unknown}
 o - 2 potions of heal wounds {unknown}


   Skills:
 + Level 3.9 Fighting
 * Level 5.1 Long Blades
 - Level 3.1 Armour
 + Level 0.5 Dodging
 - Level 3.0 Shields
 * Level 0.9 Invocations


You had 5 spell levels left.
You didn't know any spells.
Your spell library contained the following spells:

 Spells                   Type           Power      Damage    Failure   Level
 Foxfire                  Conj/Fire      0%         2x1d4     88%         1
 Conjure Flame            Conj/Fire      0%         6-21      99%         3
 Inner Flame              Hex/Fire       0%         N/A       99%         3
 Animate Dead             Necr           0%         N/A       100%        4
 Summon Lightning Spire   Summ/Air       0%         N/A       100%        4
 Haunt                    Necr/Summ      0%         N/A       100%        7
 Storm Form               Tmut/Air       0%         N/A       100%        7
 Infestation              Necr           0%         N/A       100%        8
 Maxwell's Capacitive Co  Air            0%         ∞         100%        8


Dungeon Overview and Level Annotations

Branches:
Dungeon (4/15)
 Temple: D:4-7

Altars:
Cheibriados
Elyvilon
Okawaru
Xom
Yredelemnul


Message History

You slash the dart slug!
Lightning courses through the dart slug!
You kill the dart slug!
Okawaru accepts your kill.
No target in view!
r - a scroll labelled CAKEMM ARILOW You now have 128 gold pieces (gained 16).
You see here a +0 dagger.
No target in view!
No target in view!
A quokka and a two-headed ogre come into view.
Found a twisted amethyst amulet.
There are monsters nearby!
Found a stone staircase leading down.
You block the quokka's attack.
A quokka is nearby!
You completely miss the quokka. You block the quokka's attack.
You closely miss the quokka. The quokka bites you.
You block the quokka's attack.
You slash the quokka!
You kill the quokka!
Okawaru accepts your kill.
You hit the two-headed ogre but do no damage.
The two-headed ogre hits you with a +0 giant club.
You block the two-headed ogre's attack.
You barely miss the two-headed ogre.
The two-headed ogre hits you with a +0 giant club!
The two-headed ogre misses you.
A white imp comes into view.
The white imp shouts, "Back with thee, thou euchred tip-merry deadneck!"
You hit the two-headed ogre but do no damage.
Lightning courses through the two-headed ogre!!
The two-headed ogre is moderately wounded.
You block the two-headed ogre's attack.
The two-headed ogre hits you with a +0 giant club!!
* * * LOW HITPOINT WARNING * * *
You slash the two-headed ogre!
The two-headed ogre is heavily wounded.
You block the two-headed ogre's attack.
The two-headed ogre hits you with a +0 giant club!
You die...

.......###.......#.....
......##...............
.......................
....##..>..............
....####......##......
......##.......?...#
..................#
..>##...........O.#
..####........##@.#
...##........##.....#
...##.........##....#
..............##....".
..............##..####5>
..............###.# .
.......###...####.###
......######).#...#.#
.......... #........#


You could see a two-headed ogre and a white imp.

Vanquished Creatures
  A centaur zombie (D:4)
  A bullfrog skeleton (D:4)
  An orc wizard (D:3)
  3 gnolls (D:3)
  2 adders (D:3)
  2 worms (D:2)
  A dart slug (D:4)
  8 orcs (D:3)
  5 bats
  6 endoplasms
  7 giant cockroaches
  6 hobgoblins
  6 jackals (D:2)
  5 kobolds
  2 quokkas
  6 ball pythons
  3 frilled lizards
  4 goblins
  6 rats
75 creatures vanquished.

Notes
Turn   | Place    | Note
-------+----------+-------------------------------------------
     0 | D:1      | babuloseo the Human Fighter began the quest for the Orb.
     0 | D:1      | Reached XP level 1. HP: 18/18 MP: 1/1
    74 | D:1      | Found a faded altar of an unknown god.
    83 | D:1      | Became a worshipper of Warmaster Okawaru
    83 | D:1      | Reached * piety under Okawaru
   369 | D:1      | Reached XP level 2. HP: 10/24 MP: 2/2
  1124 | D:2      | Reached XP level 3. HP: 29/29 MP: 3/3
  1458 | D:2      | Reached skill level 3 in Long Blades
  1883 | D:2      | Reached XP level 4. HP: 20/35 MP: 4/4
  2403 | D:3      | Reached skill level 4 in Long Blades
  2403 | D:3      | Reached XP level 5. HP: 19/42 MP: 5/5
  2809 | D:3      | Found a basalt altar of Yredelemnul.
  2809 | D:3      | Found a snail-covered altar of Cheibriados.
  2817 | D:3      | Found a white marble altar of Elyvilon.
  2819 | D:3      | Found a shimmering altar of Xom.
  2907 | D:3      | Found an iron altar of Okawaru.
  3119 | D:4      | Reached XP level 6. HP: 41/48 MP: 6/6
  3267 | D:4      | Reached skill level 5 in Long Blades
  3278 | D:4      | Identified the +2 robe of Dogma {Fly Str+5 Dex+4}
  3374 | D:4      | Noticed a two-headed ogre
  3383 | D:4      | Slain by a two-headed ogre

Illustrated notes

Levels and vault maps discovered:
D:1:      dpeg_arrival_more_subterranean_lakeside_camping, layout_basic,
          ebering_ecumenical_altar_mist, supply_closet_lemuel
D:2:      layout_basic
D:3:      layout_basic, chequers_temple_overflow_minitemple
D:4:      layout_cave_pools

Skill      XL: |  1  2  3  4  5  6 |
---------------+-------------------+-----
Long Blades    | 3 4 5 |  5.1
Fighting       | |  3.9
Armour         | |  3.1
Dodging        | |  0.5
Shields        | |  3.0
Invocations    | |  0.9

Action                   |  1- 3 |  4- 6 || total
-------------------------+-------+-------++-------
Melee: Long sword        |    92 |   118 ||   210
Invok: Heroism           |       |     1 ||     1
Armor: Scale mail        |    38 |    49 ||    87
Dodge: Dodged            |    32 |    36 ||    68
Block: Kite shield       |    56 |    67 ||   123
       Rpst.: Long sword |    16 |    12 ||    28
